 Dungeon Crawl Stone Soup version 0.31-a0-844-gdc52ec4e09 (webtiles) character file.

Game seed: 7279304037975391244

187 CrazyBamboolord the Grave Robber (level 5, 0/25 HPs)
             Began as a Vine Stalker Necromancer on Sept 30, 2023.
             Slain by a river rat (9 damage)
             ... in a sewer.
             The game lasted 00:03:49 (2789 turns).

CrazyBamboolord the Grave Robber (VSNe)             Turns: 2789, Time: 00:03:49

Health: 0/25       AC:  2    Str: 11    XL:     5   Next: 66%
Magic:  0/11       EV:  9    Int: 17    God:
Gold:   97         SH:  0    Dex: 14    Spells: 3/11 levels left

rFire   . . .        d - +0 dagger
rCold   . . .        (no shield)
rNeg    . . .        a - +0 robe
rPois   .            (no helmet)
rElec   .            (no cloak)
rCorr   .            (no gloves)
SInv    .            (no boots)
Will    +....        (no amulet)
Stlth   ++           e - ring of wizardry
HPRegen 1.04/turn    g - ring of willpower
MPRegen 0.12/turn

%: guardian spirit, wizardry (x1)
@: lethally poisoned (0 -> 0), animating dead, constricted, very slow
A: fangs 2, regeneration 1, magic shield, antimagic bite, no potion heal 2
a: no special abilities


You were in a sewer.
You visited 1 branch of the dungeon, and saw 3 of its levels.
You also visited: Sewer.

You collected 97 gold pieces.

Inventory:

Hand Weapons
 d - a +0 dagger (weapon)
Armour
 a - a +0 robe (worn)
Jewellery
 e - a ring of wizardry (left hand)
 g - a ring of willpower (right hand)
Scrolls
 c - 2 scrolls of identify
 i - a scroll of noise
 j - 2 scrolls of butterflies
 k - a scroll of immolation {unknown}
Potions
 b - a potion of magic
 f - a potion of enlightenment {unknown}
 h - 2 potions of brilliance


   Skills:
 + Level 1.3 Fighting
 + Level 2.2 Dodging
 * Level 4.0 Stealth
 * Level 3.5 Spellcasting
 * Level 4.8 Necromancy


You had 3 spell levels left.
You knew the following spells:

 Your Spells              Type           Power      Damage    Failure   Level
a - Necrotise             Necr           76%        1d7       1%          1
b - Vampiric Draining     Necr           19%        2d7       2%          3
c - Animate Dead          Necr           19%        N/A       9%          4

Your spell library contained the following spells:

 Spells                   Type           Power      Damage    Failure   Level
 Sandblast                Erth           4%         2d4       7%          1
 Passwall                 Tmut/Erth      1%         N/A       11%         2
 Stone Arrow              Conj/Erth      4%         3d7       21%         3
 Agony                    Necr           19%        N/A       26%         5
 Brom's Barrelling Bould  Conj/Erth      2%         2d3       52%         4


Dungeon Overview and Level Annotations

Branches:
Dungeon (3/15)              Sewer (1/1)

Altars:
Nemelex Xobeh

Shops:
D:1 (


Innate Abilities, Weirdness & Mutations

You have extremely sharp teeth.
Your natural rate of healing is unusually fast.
When hurt, damage is shared between your health and your magic reserves.
Your bite disrupts and absorbs the magic of your enemies.
Potions cannot restore your health.


Message History

The adder writhes in agony.
The adder bites you but does no damage.
Your rat skeleton splashes around in the water.
The ball python barely misses you. The ball python constricts you.
The rat splashes around in the water.
The adder bites you.
You are poisoned.
The adder poisons you!
Aiming: Necrotise (safe; 1% risk of failure)
Press: ? - help, Q - select action, (/) - cycle Shift-Dir - straight line, f/p - adder
Aim: an adder (water, severely wounded, chance to affect: 84%)
The adder writhes in agony.
You feel sick. The ball python closely misses you.
The ball python constricts you. The river rat closely misses you.
Your rat skeleton bites the rat.
The adder barely misses you. The rat bites your rat skeleton.
Aiming: Necrotise (safe; 1% risk of failure)
Press: ? - help, Q - select action, (/) - cycle Shift-Dir - straight line, f/p - adder
Aim: an adder (water, almost dead, chance to affect: 84%)
The adder writhes in agony.
You kill the adder!
The dead are slithering!
You feel sick. The ball python closely misses you.
The ball python constricts you. The river rat bites you.
Your rat skeleton bites the rat.
The rat bites your rat skeleton.
Unknown command.
You escape the ball python's grasp.
You feel sick. The river rat misses you. The rat bites your rat skeleton.
Your adder zombie closely misses the ball python.
The ball python misses you. The ball python grabs you.
The ball python constricts you.
Your rat skeleton bites the rat.
The rat dies!
The dead are walking!
The river rat bites you.
Aiming: Necrotise (safe; 1% risk of failure)
Press: ? - help, Q - select action, (/) - cycle Shift-Dir - straight line, f - river rat
Aim: a river rat (water, ally target, chance to affect: 84%)
The river rat writhes in agony.
You feel sick. The ball python bites you. The ball python constricts you.
Your adder zombie bites the ball python.
Your rat skeleton bites the ball python.
The river rat bites you!
You die...

.
####################...
##..≈~~~≈≈≈#≈≈~~@rr.....
....~~~~≈≈≈~..~ZS≈≈.....
....~~~~≈≈≈~.~≈≈Z≈≈~....
...~~≈~~~≈~~.~~≈≈~~.....
...~~≈≈≈~~~.~~≈≈~~Z....#
....~≈≈≈≈~~≈~≈≈≈≈≈≈#.###
..####################
.#### .#..#


You could see 2 river rats, a ball python, a friendly adder zombie, a friendly
rat zombie and a friendly rat skeleton.

Vanquished Creatures
  Terence (D:2)
  2 adders (Sewer)
  8 river rats (Sewer)
  A worm (D:3)
  5 bats
  4 endoplasms
  2 goblins (D:1)
  4 hobgoblins
  3 jackals (D:1)
  A kobold (D:2)
  2 quokkas (D:2)
  8 ball pythons
  11 rats
52 creatures vanquished.

Vanquished Creatures (collateral kills)
  2 river rats (Sewer)
  A goblin (D:1)
  A jackal (D:1)
  3 rats (Sewer)
7 creatures vanquished.

Grand Total: 59 creatures vanquished

Notes
Turn   | Place    | Note
-------+----------+-------------------------------------------
     0 | D:1      | CrazyBamboolord the Vine Stalker Necromancer began the
                  | quest for the Orb.
     0 | D:1      | Reached XP level 1. HP: 9/9 MP: 4/4
   115 | D:1      | Found Sufajal's Antique Weapon Boutique.
   374 | D:1      | Reached XP level 2. HP: 13/13 MP: 3/6
   637 | D:1      | Found a faded altar of an unknown god.
  1269 | D:2      | Reached XP level 3. HP: 17/17 MP: 4/7
  1279 | D:2      | Learned a level 3 spell: Vampiric Draining
  1330 | D:2      | Found a sparkling altar of Nemelex Xobeh.
  1649 | D:2      | Noticed Terence
  1668 | D:2      | Killed Terence
  1669 | D:2      | Reached XP level 4. HP: 14/21 MP: 0/9
  2151 | D:3      | Found a glowing drain.
  2214 | Sewer    | Entered a sewer
  2231 | Sewer    | Reached skill level 1 in Fighting
  2350 | Sewer    | Reached XP level 5. HP: 18/25 MP: 1/10
  2596 | Sewer    | Learned a level 4 spell: Animate Dead
  2789 | Sewer    | Slain by a river rat

Illustrated notes

Levels and vault maps discovered:
D:1:      spicycebolla_green_bress_n_ham_2, layout_loops_corners,
          nicolae_ecumenical_snake_handling, serial_shops, shop
D:2:      layout_basic, basic_altar, minmay_tetromino_s4, uniq_terence
D:3:      layout_loops_corners, cheibrodos_sewer_entry_bend, uniq_jessica
Sewer:    sewer_minmay_w

Skill      XL: |  1  2  3  4  5 |
---------------+----------------+-----
Stealth        | 3 4 |  4.0
Dodging        | 2 |  2.2
Fighting       | 1 |  1.3
Spellcasting   | 3 |  3.5
Necromancy     | |  4.8

Action                     |  1- 3 |  4- 6 || total
---------------------------+-------+-------++-------
  Melee: Dagger            |    20 |    14 ||    34
         Bite              |     3 |     3 ||     6
         Punch             |     1 |       ||     1
   Cast: Necrotise         |    50 |    68 ||   118
         Animate Dead      |       |     1 ||     1
    Use: Scroll            |     1 |     4 ||     5
   Stab: Sleeping          |     1 |       ||     1
 Armour: Robe              |    16 |    24 ||    40
  Dodge: Dodged            |    31 |    33 ||    64

Table legend: (Time is in decaauts)
 A = Elapsed time spent in this place.
 B = Non-inter-level travel time spent in this place.
 C = Inter-level travel time spent in this place.
 D = Time resting spent in this place.
 E = Time spent auto-exploring this place.
 F = Levels seen in this place.
 G = Mean time per level.
                   A        B        C        D        E       F      G
               +--------+--------+--------+--------+--------+-----+--------+
         Total |   2815 |   2720 |     95 |     99 |   2263 |   4 |  703.8 |
       Dungeon |   2216 |   2121 |     95 |     44 |   1839 |   3 |  738.7 |
         Sewer |    598 |    598 |      0 |     55 |    423 |   1 |  598.0 |
               +--------+--------+--------+--------+--------+-----+--------+

Top non-repeatable levels by time:
     D:1: 1069 daAuts
     D:2: 1015 daAuts
   Sewer: 598 daAuts
     D:3: 132 daAuts
